 Dungeon Crawl Stone Soup version 0.26.1-11-gd32895ea62 (webtiles) character file.

Game seed: 3400239761966952452

357 Zeld the Spear-Bearer (level 6, 37/39 HPs)
             Began as a Merfolk Gladiator on May 25, 2021.
             Was an Initiate of Hepliaklqana.
             Quit the game on level 3 of the Dungeon.
             The game lasted 00:06:28 (3875 turns).

Zeld the Spear-Bearer (Merfolk Gladiator)           Turns: 3875, Time: 00:06:29

Health: 37/39      AC:  4    Str: 17    XL:     6   Next: 64%
Magic:  6/6        EV: 14    Int:  7    God:    Hepliaklqana [......]
Gold:   156        SH:  0    Dex: 15    Spells: 5/5 levels left

rFire    . . .     SeeInvis .   a - +0 trident
rCold    . . .     Faith    .   (no shield)
rNeg     . . .     Spirit   .   b - +0 robe (curse)
rPois    .         Reflect  .   c - +0 helmet
rElec    .         Harm     .   (no cloak)
rCorr    .         Rampage  .   e - +0 pair of gloves
Will     .....                  (no boots)
Stlth    +.........             (no amulet)
HPRegen  0.13/turn              (no ring)
MPRegen  0.10/turn              (no ring)

@: no status effects
A: change form in water, swift swim, stealthy swim, reduced essence
a: Renounce Religion, Recall Ancestor, Ancestor Identity


You were on level 3 of the Dungeon.
You worshipped Hepliaklqana.
Hepliaklqana was noncommittal.
You visited 1 branch of the dungeon, and saw 3 of its levels.

You collected 156 gold pieces.

Inventory:

Hand Weapons
 a - a +0 trident (weapon)
Missiles
 d - 4 throwing nets (quivered)
 l - 7 curare-tipped darts
 m - 4 silver boomerangs
 n - 15 poisoned darts
Armour
 b - a cursed +0 robe (worn)
 c - a +0 helmet (worn)
 e - a +0 pair of gloves (worn)
Scrolls
 f - 4 scrolls of amnesia
 g - 3 scrolls of remove curse
 h - 2 scrolls of identify
 i - a scroll of magic mapping
Potions
 j - 2 potions of heal wounds
 k - a potion of magic {unknown}
 o - a potion of degeneration {unknown}
 p - a potion of brilliance
 r - a potion of flight {unknown}


   Skills:
 - Level 2.1 Fighting
 * Level 10.3 Polearms
 - Level 2.0 Throwing
 - Level 4.0 Dodging


You had 5 spell levels left.
You didn't know any spells.
Your spell library was empty.

Dungeon Overview and Level Annotations

Branches:
Dungeon (3/15)

Altars:
Dithmenos
Hepliaklqana
Kikubaaqudgha
Okawaru


Message History

You see here 15 bolts.
There is an open door here.
You see here a stone.
k - a white potion
l - 7 curare-tipped darts
There is an open door here.
You see here a stone. 2 hobgoblins come into view.
The hobgoblin shouts!
The hobgoblin moves out of view.
Found a scroll of identify.
The hobgoblin shouts!
There is an open door here.
You barely miss the hobgoblin. The hobgoblin closely misses you.
You hit the hobgoblin.
The hobgoblin is moderately wounded.
The hobgoblin hits you.
Zeld barely misses the hobgoblin.
You completely miss the hobgoblin.
The hobgoblin is moderately wounded.
Are you sure you want to abandon this character and quit the game? (Confirm with "yes".)

##..#...)..)# .....#
....##.....## ....#
.....##.).## ...#
#...####'#######'#######
##.##...()......g.......
####...(...............
##.....รท(...............
......##(#######'######
##.####...## #.@R#
#.###.....###..g..#
##.##.......#.......#
#...#.......#.......#
....#.......#...?...#
....##.....###.....###
.#.####...## ##...##.#
.#.# ##### ######.## ###
.#.# #.#.##.# #.#


You could see the friendly Zeld the ancestor and 2 hobgoblins.

Vanquished Creatures
  An orc wizard (D:3)
  Jessica (D:3)
  Ijyb (D:3)
  An adder (D:2)
  An ooze (D:1)
  A worm (D:3)
  3 dart slugs
  2 leopard geckos (D:1)
  5 orcs
  2 giant cockroaches (D:1)
  14 goblins
  10 hobgoblins
  5 jackals (D:2)
  A quokka (D:2)
  4 bats
  3 frilled lizards
  7 kobolds
  6 rats
68 creatures vanquished.

Vanquished Creatures (collateral kills)
  Sigmund (D:3)
  Robin (D:3)
  A goblin (D:3)
  2 kobolds (D:3)
5 creatures vanquished.

Vanquished Creatures (others)
  2 ancestors (D:3)
2 creatures vanquished.

Grand Total: 75 creatures vanquished

Notes
Turn   | Place    | Note
-------+----------+-------------------------------------------
     0 | D:1      | Zeld the Merfolk Gladiator began the quest for the Orb.
     0 | D:1      | Reached XP level 1. HP: 16/16 MP: 1/1
    71 | D:1      | Reached skill level 5 in Polearms
    89 | D:1      | Reached XP level 2. HP: 8/22 MP: 2/2
   576 | D:1      | Reached skill level 6 in Polearms
   576 | D:1      | Reached XP level 3. HP: 24/27 MP: 3/3
  1202 | D:2      | Found an iron altar of Okawaru.
  1214 | D:2      | Reached XP level 4. HP: 33/33 MP: 4/4
  1302 | D:2      | Reached skill level 7 in Polearms
  1379 | D:2      | Found a shadowy altar of Dithmenos.
  1610 | D:2      | Found a hazy altar of Hepliaklqana.
  1647 | D:2      | Became a worshipper of Hepliaklqana the Forgotten
  1778 | D:3      | Noticed Robin
  1967 | D:3      | Killed Robin
  2702 | D:3      | HP: 1/29 [orc/+0 hand axe (3)]
  2717 | D:3      | Reached skill level 8 in Polearms
  2717 | D:3      | Reached XP level 5. HP: 34/34 MP: 5/5
  2897 | D:3      | Noticed Jessica
  2906 | D:3      | Killed Jessica
  2922 | D:3      | Noticed Sigmund
  3425 | D:3      | Found an ancient bone altar of Kikubaaqudgha.
  3504 | D:3      | Noticed Ijyb
  3522 | D:3      | Killed Ijyb
  3523 | D:3      | Reached skill level 9 in Polearms
  3646 | D:3      | Killed Sigmund
  3647 | D:3      | Reached skill level 10 in Polearms
  3647 | D:3      | Reached XP level 6. HP: 14/39 MP: 6/6
  3875 | D:3      | Quit the game

Illustrated notes

Levels and vault maps discovered:
D:1:      dpeg_arrival_prison, layout_basic, minmay_tetromino_t2
D:2:      layout_loops_cross, okawaru_metal_pillars_1_2,
          nzn_hepliaklqana_mist_gate, nicolae_dithmenos_through_a_glass_darkly
D:3:      kennysheep_six_static_rooms, layout_loops_ring,
          kiku_gazebo_garden_becter, serial_glass, glass_columns_c,
          glass_columns_a, uniq_jessica, uniq_sigmund, uniq_robin, uniq_ijyb

Skill      XL: |  1  2  3  4  5 |
---------------+----------------+-----
Polearms       | 5 6 8 10 | 10.3
Fighting       | |  2.1
Throwing       | |  2.0
Dodging        | |  4.0

Action                   |  1- 3 |  4- 6 || total
-------------------------+-------+-------++-------
Melee: Trident           |   113 |   114 ||   227
Invok: Recall Ancestor   |       |     4 ||     4
       Ancestor Identity |       |     2 ||     2
  Use: Potion            |       |     7 ||     7
       Scroll            |       |     6 ||     6
 Stab: Sleeping          |     3 |       ||     3
Armor: Leather armour    |     8 |       ||     8
       Robe              |    15 |    14 ||    29
       Skin              |     3 |    16 ||    19
Dodge: Dodged            |    83 |    55 ||   138
